 Dungeon Crawl Stone Soup version 0.30-a0-1160-g6e42c06551 (webtiles) character file.

Game seed: 3546740659232930937

121040 meatpath the Warrior (level 16, -7/217 HPs)
             Began as a Demonspawn Berserker on Apr 25, 2023.
             Was the Champion of Trog.
             Mangled by a wolf spider simulacrum (11 damage)
             ... on level 2 of the Spider Nest on Apr 26, 2023.
             The game lasted 01:22:46 (28353 turns).

meatpath the Warrior (Demonspawn Berserker)        Turns: 28353, Time: 01:22:47

Health: -7/217     AC: 12    Str: 25    XL:     16   Next: 31%
Magic:  0/16       EV: 16    Int: 10    God:    Trog [******]
Gold:   1512       SH: 18    Dex: 16    Spells: 15/15 levels left

rFire   . . .        l - +3 demon whip (venom)
rCold   . . .        W - +0 tower shield
rNeg    . . .        G - +0 swamp dragon scales
rPois   +            E - +1 helmet
rElec   .            (cloak unavailable)
rCorr   .            (no gloves)
SInv    .            R - +0 pair of boots
Will    ++...        A - amulet of the acrobat Stlth
                     c - ring of willpower
HPRegen 0.56/turn    M - +4 ring of slaying
MPRegen 0.30/turn

%: acrobat, guardian spirit
@: berserking, lethally poisoned (-7 -> -18), very quick
A: thin skeletal structure 2, spiny 2, magic shield, magic regeneration,
weakness stinger 3
a: Renounce Religion, Berserk, Trog's Hand, Brothers in Arms


You were on level 2 of the Spider Nest.
You worshipped Trog.
Trog was exalted by your worship.
You visited 3 branches of the dungeon, and saw 22 of its levels.
You also visited: Bailey.

You collected 2308 gold pieces.
You spent 796 gold pieces at shops.

Inventory:

Hand Weapons
 l - a +3 demon whip of venom (weapon)
Missiles
 S - a throwing net (quivered)
Armour
 z - +0 acid dragon scales
 E - a +1 helmet (worn)
 G - +0 swamp dragon scales (worn)
 R - a +0 pair of boots (worn)
 T - a +2 troll leather armour {Snorg}
 U - a +0 plate armour
 W - a +0 tower shield (worn)
Jewellery
 c - a ring of willpower (left hand)
 f - a +6 ring of intelligence
 k - an amulet of magic regeneration
 x - a ring of ice
 A - an amulet of the acrobat (around neck)
 F - a ring of fire
 H - an amulet of regeneration
 M - a +4 ring of slaying (right hand)
 O - a ring of poison resistance
Wands
 a - a wand of roots (18)
 v - a wand of paralysis (16)
 w - a wand of flame (48)
 C - a wand of digging (13)
 J - a wand of mindburst (28)
 Q - a wand of light (2)
Scrolls
 d - a scroll of brand weapon
 e - 4 scrolls of fear
 g - 2 scrolls of enchant armour
 j - 6 scrolls of fog
 m - 5 scrolls of poison
 n - 4 scrolls of summoning
 p - 8 scrolls of teleportation
 q - a scroll of silence
 y - 2 scrolls of immolation
 L - 4 scrolls of magic mapping
 N - 5 scrolls of blinking
 V - 4 scrolls of identify
Potions
 b - 3 potions of ambrosia
 i - 6 potions of might
 o - 4 potions of attraction
 r - 3 potions of cancellation
 s - 6 potions of lignification
 t - 10 potions of curing
 u - 4 potions of flight
 B - 5 potions of mutation
 D - 3 potions of invisibility
 I - 2 potions of berserk rage
 K - 3 potions of haste
 P - 9 potions of heal wounds
Miscellaneous
 h - a box of beasts


   Skills:
 + Level 18.8 Fighting
 - Level 12.0 Maces & Flails
 - Level 6.0 Armour
 - Level 11.8 Dodging
 + Level 12.0 Shields
 - Level 6.0 Evocations


You had 15 spell levels left.
You didn't know any spells.
Your spell library was empty.

Dungeon Overview and Level Annotations

Branches:
Dungeon (15/15)            Temple (0/1) D:5            Lair (5/5) D:10
  Swamp (0/4) Lair:3       Spider (2/4) Lair:2        Slime (0/5) Lair:4
    Orc (0/2) D:9          Vaults (0/5) D:13         Depths (0/4) D:15
 Bailey (visited)

Altars:
Dithmenos
Hepliaklqana
Trog
Uskayaw
Jiyva

Shops:
D:8 ?   D:10 (   D:12 *


Innate Abilities, Weirdness & Mutations

You have a moderately thin skeletal structure. (Dex +4, Stealth++)
You are mostly covered in sharp spines.
When hurt, damage is shared between your health and your magic reserves.
You regenerate magic rapidly.
You have a sharp stinger which inflicts weakening toxins.


Message History

You block the wolf spider simulacrum's attack.
The wolf spider simulacrum bites you but does no damage.
You block the culicivora simulacrum's attack.
The redback is struck by your spines. The redback bites you!
The wolf spider barely misses you.
The wolf spider bites you but does no damage.
You whack the wolf spider!
You kill the wolf spider!
Trog accepts your kill.
A freezing mist starts to gather...
A wolf spider simulacrum comes into view.
You feel very sick.
You block the wolf spider simulacrum's attack. x2
The redback bites you but does no damage.
The culicivora simulacrum bites you! The culicivora simulacrum freezes you!
You are too injured to fight recklessly!
Unknown command.
You are too injured to fight recklessly!
Unknown command.
You are too injured to fight recklessly!
A red film seems to cover your vision as you go berserk!
You feel yourself moving faster!
You feel mighty!
You feel very sick.
The wolf spider simulacrum is struck by your spines.
The wolf spider simulacrum hits you.
The wolf spider simulacrum freezes you!!
* * * LOW HITPOINT WARNING * * *
The wolf spider simulacrum bites you.
* * * LOW HITPOINT WARNING * * *
The wolf spider simulacrum freezes you!!
* * * LOW HITPOINT WARNING * * *
The redback is struck by your spines. The redback bites you.
* * * LOW HITPOINT WARNING * * *
The culicivora simulacrum is struck by your spines.
The culicivora simulacrum barely misses you.
You block the wolf spider simulacrum's attack.
The wolf spider simulacrum bites you.
* * * LOW HITPOINT WARNING * * *
The wolf spider simulacrum freezes you!
You die...

#..........##..#....####
^...........#..#s.......
.....###....#..#○$..?...
...###.........°B..^....
.###............s.......
##.#^.........s##.....#.
...#####.....s..##.(..#
...#.....#.....Zs##s.s.^
<..##....#......@.#?s...
...^##..^#.#..Z.#Z# ....
###..†...###...^### ...
#.....†...#...... ...
...^.#....#....^.
.....#....#.#....
.....#....###.?.
...†.#.....#....
.#...#.....#


You could see 2 orb spiders, a redback (soul bound), 2 wolf spider simulacra and
a culicivora simulacrum.

Vanquished Creatures
  Roxanne (Spider:1)
  3 spark wasps (Spider:1)
  The ghost of Synwij the Carver, a journeyman DsFi of Qazlal (D:12)
  Snorg (Lair:5)
  A fire dragon (Lair:4)
  2 entropy weavers (Spider:1)
  7 hydras
  5 vault guards
  Erolcha (D:9)
  2 centaur warriors
  A death knight (D:15)
  A radroach (Spider:1)
  Erica (D:8)
  A deep troll shaman (Lair:5)
  A jorogumo (Spider:2)
  6 two-headed ogres
  3 catoblepae
  3 boulder beetles
  8 death yaks
  A tengu warrior (D:15)
  Sonja (Lair:5)
  Amaemon (D:10)
  3 skysharks
  A fire crab (Lair:4)
  4 pharaoh ants
  8 skeletal warriors
  A wizard (D:15)
  A necromancer (D:15)
  A steelbarb worm (Spider:2)
  2 deep elf pyromancers
  Pikel (D:5)
  A phantasmal warrior (D:15)
  A harpy (shapeshifter) (D:14)
  An orc sorcerer (D:15)
  17 ugly things
  A will-o-the-wisp (Lair:3)
  An oklob plant (Lair:5)
  4 cyclopes
  6 manticores
  7 wolf spiders
  16 elephants
  A demonic crawler (Spider:2)
  A centaur zombie (D:15)
  Maurice (D:8)
  6 black mambas
  Maggie (D:8)
  A naga mage (D:15)
  An orange demon (D:10)
  2 gargoyles (D:13)
  8 cane toads
  4 torpor snails
  3 centaur skeletons (D:15)
  Psyche (D:8)
  21 rime drakes
  10 komodo dragons
  2 kobold demonologists
  A freezing wraith (D:15)
  A komodo dragon (shapeshifter) (D:9)
  3 trolls
  4 polar bears
  3 hornets
  Grinder (D:4)
  6 dream sheep
  Prince Ribbit (D:5)
  3 tarantellas
  A dream sheep (shapeshifter) (D:15)
  17 blink frogs
  11 jumping spiders
  10 culicivoras
  3 shadows
  4 wraiths
  10 slime creatures
  13 wyverns
  56 yaks
  Eustachio (D:6)
  11 humans
  6 basilisks
  22 redbacks
  5 vampire mosquitoes (D:13)
  Grum (D:8)
  7 steam dragons
  3 acid dragons
  3 black bears
  4 water moccasins
  12 orc warriors
  An ice beast (D:8)
  14 centaurs
  A boggart (D:9)
  13 wolves
  A lemure (D:5)
  A phantom (D:4)
  33 bullfrogs
  6 kobold brigands
  3 scorpions
  17 wights
  10 killer bees
  An electric eel (Lair:5)
  5 orc priests
  Natasha (D:2)
  3 sleepcaps
  4 iguanas
  12 orc wizards
  9 hell rats (D:14)
  3 centaur simulacra
  5 adders
  7 gnolls
  A shadow imp (D:6)
  A white imp (D:6)
  An ufetubus (D:5)
  2 dart slugs
  46 orcs
  3 ball pythons
  5 bats
  8 endoplasms
  8 giant cockroaches
  10 goblins
  5 hobgoblins
  2 jackals (D:3)
  38 kobolds
  3 quokkas
  A frilled lizard (D:1)
  10 rats
709 creatures vanquished.

Vanquished Creatures (others)
  A human (D:13)
  2 foxfires (Lair:3)
  14 fungi
  9 plants
26 creatures vanquished.

Grand Total: 735 creatures vanquished

Notes
Turn   | Place    | Note
-------+----------+-------------------------------------------
     0 | D:1      | meatpath the Demonspawn Berserker began the quest for the
                  | Orb.
     0 | D:1      | Reached XP level 1. HP: 18/18 MP: 1/1
   205 | D:1      | Gained mutation: You are partially covered in sharp spines.
                  | [demonic ancestry]
   205 | D:1      | Reached XP level 2. HP: 24/24 MP: 2/2
   865 | D:1      | Reached ** piety under Trog
  1051 | D:1      | Reached XP level 3. HP: 14/29 MP: 3/3
  1745 | D:2      | Noticed Natasha
  1773 | D:2      | Killed Natasha
  1774 | D:2      | Reached XP level 4. HP: 7/37 MP: 4/4
  2966 | D:3      | Reached skill level 4 in Fighting
  3175 | D:4      | Reached XP level 5. HP: 42/42 MP: 5/5
  3394 | D:4      | Noticed a phantom
  3406 | D:4      | Killed a phantom
  3483 | D:4      | Gained mutation: You are mostly covered in sharp spines.
                  | [demonic ancestry]
  3483 | D:4      | Reached XP level 6. HP: 23/49 MP: 6/6
  3675 | D:4      | Found a hide-covered altar of Uskayaw.
  3682 | D:4      | Found a hazy altar of Hepliaklqana.
  3682 | D:4      | Noticed Grinder
  3697 | D:4      | Paralysed by Grinder for 5 turns
  3708 | D:4      | Killed Grinder
  3709 | D:4      | Reached skill level 5 in Fighting
  3950 | D:4      | Found a bloodstained altar of Trog.
  3964 | D:4      | Found a shadowy altar of Dithmenos.
  4059 | D:4      | Gained mutation: You regenerate magic rapidly. [demonic
                  | ancestry]
  4059 | D:4      | Reached XP level 7. HP: 55/56 MP: 7/7
  4246 | D:5      | Entered Level 5 of the Dungeon
  4428 | D:5      | Noticed Pikel
  4442 | D:5      | Killed Pikel
  4443 | D:5      | Reached skill level 6 in Fighting
  4443 | D:5      | Reached skill level 5 in Maces & Flails
  4443 | D:5      | Reached skill level 5 in Armour
  4443 | D:5      | Gained mutation: When hurt, damage is shared between your
                  | health and your magic reserves. [demonic ancestry]
  4443 | D:5      | Reached XP level 8. HP: 64/64 MP: 8/8
  4656 | D:5      | Found a staircase to the Ecumenical Temple.
  4657 | D:5      | Noticed Prince Ribbit
  4673 | D:5      | Killed Prince Ribbit
  4775 | D:5      | Identified the +6 great sword "Wusojeet" {spect, Str+4}
  5293 | D:6      | Reached skill level 7 in Fighting
  5325 | D:6      | Reached *** piety under Trog
  5331 | D:6      | Identified the +5 rapier "Juirag Parai" {drain, Contam rC++
                  | Will+++ MP-9}
  5338 | D:6      | Noticed Eustachio
  5352 | D:6      | Killed Eustachio
  5353 | D:6      | Reached skill level 1 in Shields
  5711 | D:7      | Reached XP level 9. HP: 72/72 MP: 9/9
  6476 | D:8      | Noticed Maurice
  6499 | D:8      | Killed Maurice
  6500 | D:8      | Reached skill level 8 in Fighting
  6676 | D:8      | Noticed Maggie
  6692 | D:8      | Killed Maggie
  6742 | D:8      | Noticed Erica
  6826 | D:8      | Killed Erica
  6977 | D:8      | Noticed Grum
  6999 | D:8      | Gained mutation: You have a small tail. [demonic ancestry]
  6999 | D:8      | Reached XP level 10. HP: 56/82 MP: 6/10
  7004 | D:8      | Killed Grum
  7005 | D:8      | Reached skill level 9 in Fighting
  7266 | D:8      | Reached skill level 5 in Shields
  7691 | D:8      | Found Ocousch's Magic Scroll Shoppe.
  7900 | D:8      | Noticed Psyche
  7907 | D:8      | Killed Psyche
  8357 | D:9      | Reached **** piety under Trog
  8593 | D:9      | Noticed a two-headed ogre
  8606 | D:9      | Killed a two-headed ogre
  8607 | D:9      | Reached skill level 10 in Fighting
  8736 | D:9      | Noticed a two-headed ogre
  8737 | D:9      | Noticed a manticore
  8763 | D:9      | Killed a two-headed ogre
  8767 | D:9      | Reached XP level 11. HP: 77/92 MP: 6/11
  8768 | D:9      | Noticed a red ugly thing
  8830 | D:9      | HP: 4/92 [manticore (13)]
  9420 | D:9      | Reached skill level 10 in Maces & Flails
  9655 | D:9      | Noticed a purple ugly thing
  9657 | D:9      | Noticed a purple ugly thing
  9667 | D:9      | Killed a purple ugly thing
  9668 | D:9      | Reached skill level 11 in Fighting
  9678 | D:9      | Killed a purple ugly thing
  9809 | D:9      | Noticed Erolcha
  9821 | D:9      | Killed Erolcha
 10158 | D:9      | Reached ***** piety under Trog
 10214 | D:9      | Found a staircase to the Orcish Mines.
 10393 | D:10     | Entered Level 10 of the Dungeon
 10436 | D:10     | Found a staircase to the Lair.
 10442 | D:10     | Noticed a two-headed ogre
 10465 | D:10     | Killed a two-headed ogre
 10593 | D:10     | Noticed Amaemon
 10625 | D:10     | Killed Amaemon
 10626 | D:10     | Gained mutation: You have a somewhat thin skeletal
                  | structure. (Dex +2, Stealth+) [demonic ancestry]
 10626 | D:10     | Reached XP level 12. HP: 67/102 MP: 9/12
 10779 | D:10     | Found Zoargh's Antique Weapon Shop.
 10817 | D:10     | Reached skill level 12 in Fighting
 11035 | D:10     | Found a flagged portal.
 11050 | Bailey   | Entered a bailey
 11170 | Bailey   | Noticed a vault guard
 11187 | Bailey   | Killed a vault guard
 11234 | Bailey   | Noticed a vault guard
 11245 | Bailey   | Killed a vault guard
 11783 | D:11     | Noticed a two-headed ogre
 11799 | D:11     | Killed a two-headed ogre
 11979 | D:11     | Noticed a two-headed ogre
 11987 | D:11     | Killed a two-headed ogre
 12081 | D:11     | Received a gift from Trog
 12346 | D:11     | Reached skill level 10 in Shields
 12767 | D:12     | Noticed Synwij's ghost (journeyman DsFi)
 12769 | D:12     | Found a runed translucent door.
 12824 | D:12     | Reached skill level 13 in Fighting
 12845 | D:12     | Reached skill level 1 in Evocations
 12875 | D:12     | Found Lasis's Assorted Antiques.
 13236 | D:12     | Reached XP level 13. HP: 100/111 MP: 11/13
 13682 | D:12     | Killed Synwij's ghost
 13905 | Lair:1   | Entered Level 1 of the Lair of Beasts
 14511 | Lair:1   | Identified the +3 rapier "Qaevvar" {freeze, +Blink Fly rN+
                  | Will-}
 14755 | Lair:1   | Received a gift from Trog
 15222 | Lair:2   | Found a hole to the Spider Nest.
 15256 | Lair:2   | Reached skill level 5 in Dodging
 15426 | Lair:2   | Identified the +5 whip "Zyqoips" {freeze, rElec}
 15503 | Lair:2   | Reached skill level 5 in Evocations
 15626 | Lair:2   | Reached skill level 14 in Fighting
 16917 | Lair:3   | Gained mutation: You have a moderately thin skeletal
                  | structure. (Dex +4, Stealth++) [demonic ancestry]
 16917 | Lair:3   | Reached XP level 14. HP: 119/121 MP: 14/14
 17185 | Lair:3   | Found a staircase to the Swamp.
 17949 | Lair:4   | Reached skill level 15 in Fighting
 18165 | Lair:4   | Received a gift from Trog
 19126 | Lair:4   | Found a staircase to the Slime Pits.
 19128 | Lair:4   | Found a viscous altar of Jiyva.
 19511 | Lair:5   | Entered Level 5 of the Lair of Beasts
 19619 | Lair:5   | Noticed Sonja
 19644 | Lair:5   | Killed Sonja
 20079 | Lair:5   | Reached skill level 16 in Fighting
 20341 | Lair:5   | Noticed Snorg
 20357 | Lair:5   | Killed Snorg
 20683 | Lair:5   | Reached skill level 10 in Dodging
 21190 | Lair:5   | Gained mutation: You have a tail ending in a sharp stinger.
                  | [demonic ancestry]
 21190 | Lair:5   | Reached XP level 15. HP: 132/132 MP: 15/15
 21791 | D:13     | Found a gate to the Vaults.
 21792 | D:13     | Received a gift from Trog
 22059 | D:13     | Reached skill level 17 in Fighting
 24225 | D:15     | Entered Level 15 of the Dungeon
 24231 | D:15     | Found a hide-covered altar of Uskayaw.
 25044 | D:15     | Received a gift from Trog
 25126 | D:15     | Reached skill level 18 in Fighting
 25145 | D:15     | Found a staircase to the Depths.
 25559 | D:12     | Bought a scroll of blinking for 217 gold pieces
 25559 | D:12     | Bought a potion of heal wounds for 145 gold pieces
 25559 | D:12     | Bought a scroll of enchant weapon for 217 gold pieces
 25559 | D:12     | Bought a scroll of enchant armour for 217 gold pieces
 25663 | Spider:1 | Entered Level 1 of the Spider Nest
 26106 | Spider:1 | Gained mutation: You have a sharp stinger which inflicts
                  | weakening toxins. [demonic ancestry]
 26106 | Spider:1 | Reached XP level 16. HP: 128/143 MP: 14/16
 26354 | Spider:1 | Received a gift from Trog
 26398 | Spider:1 | Reached ****** piety under Trog
 26807 | Spider:1 | Identified Roxanne's Monograph on Erosion
 26807 | Spider:1 | Noticed Roxanne
 26867 | Spider:1 | Killed Roxanne
 27946 | Spider:2 | Found the +7 sceptre of Torment {pain, torment}
 28353 | Spider:2 | HP: 9/217 [redback (4)]
 28353 | Spider:2 | HP: 4/217 [wolf spider simulacrum (5)]
 28353 | Spider:2 | Mangled by a wolf spider simulacrum

Illustrated notes

Levels and vault maps discovered:
D:1:      lightli_arrival_farm, layout_basic
D:2:      layout_rooms, kennysheep_generic_room_15, uniq_natasha
D:3:      layout_basic
D:4:      layout_gridville, grunt_temple_overflow_cloverleaf, uniq_grinder
D:5:      layout_rooms, minmay_temple_entry_grid, corexii_checkpoint_a,
          minivault_24, uniq_pikel, uniq_prince_ribbit1
D:6:      layout_rooms, uniq_eustachio
D:7:      layout_loops_ring
D:8:      layout_gridville, serial_shops, shop, uniq_erica, uniq_psyche,
          uniq_grum, uniq_maurice, uniq_maggie
D:9:      minmay_the_grid_plus [minmay_the_grid_spikes,
          minmay_the_grid_embedded, minmay_the_grid_plusring,
          minmay_the_grid_small_cups, minmay_the_grid_prize_inner_circle],
          layout_long_grid, david_orc_4, uniq_erolcha
D:10:     layout_rooms, david_lair_generic, enter_bailey_7, serial_shops, shop,
          uniq_amaemon
D:11:     layout_loops_ring, eino_tiny_chamber
D:12:     layout_cave_pools, hellmonk_ghost_happy_afterlife, serial_shops, shop
D:13:     layout_long_grid, ximxim_vaults_locker_room, item_on_display_a
D:14:     layout_loops_corners, special_room [special_room_mythical_zoo],
          chequers_serial_rivers_room_b
D:15:     grunt_enter_depths_magical_seal, layout_cave_pods,
          minmay_misc_feat_enclosed, nicolae_uskayaw_murder_on_the_dancefloor
Lair:1:   layout_roguey, gauntlet_entry_generic, grunt_megastairs_2
Lair:2:   layout_gridlike, spider_nest_entry_rubble,
          nicolae_lair_grove_arrangements, beast_lair_carwin_7
Lair:3:   layout_long_grid, minmay_swamp_entry_wisps, grunt_megastairs_5
Lair:4:   layout_hall_layers, slime_entry_1, portal_ice_cave_entry_pillars_1,
          bobbens_dragon_lair_wall
Lair:5:   grunt_lair_end_beastmaster, layout_cave_pods, serial_bayou_shore_a,
          lemuel_fruit_tree, uniq_snorg, uniq_sonja
Spider:1: layout_chambers, uniq_roxanne
Spider:2: layout_spider_delve, uniq_nikola

Skill      XL: |  1  2  3  4  5  6  7  8  9 10 11 12 13 14 15 16 |
---------------+-------------------------------------------------+-----
Armour         | 2 3 4 5 6 |  6.0
Maces & Flails | 3 4 5 6 8 9 10 12 | 12.0
Fighting       | 4 5 6 7 8 10 11 13 14 16 18 | 18.8
Shields        | 1 4 6 8 10 11 12 | 12.0
Dodging        | 3 7 10 11 | 11.8
Evocations     | 2 6 |  6.0

Action                     |  1- 3 |  4- 6 |  7- 9 | 10-12 | 13-15 | 16-18 || total
---------------------------+-------+-------+-------+-------+-------+-------++-------
  Melee: Mace              |   103 |   106 |    28 |       |       |       ||   237
         Punch             |     1 |       |       |       |       |       ||     1
         Whip              |       |       |    83 |       |       |       ||    83
         Flail             |       |       |    68 |   271 |       |       ||   339
         Tailslap          |       |       |       |   109 |   282 |    45 ||   436
         Morningstar       |       |       |       |    51 |       |       ||    51
         Demon whip        |       |       |       |   283 |  1281 |   189 ||  1753
 Invoke: Berserk           |     1 |     3 |     3 |     7 |     9 |     1 ||    24
         Trog's Hand       |       |       |       |     1 |     2 |       ||     3
    Use: Scroll            |     1 |     5 |     4 |     6 |    15 |       ||    31
         Potion            |       |       |       |     5 |     2 |       ||     7
   Stab: Sleeping          |     1 |       |       |     1 |    13 |     3 ||    18
         Paralysed         |       |       |       |     4 |       |       ||     4
         Petrified         |       |       |       |       |    11 |       ||    11
         Distracted        |       |       |       |       |     1 |       ||     1
         Petrifying        |       |       |       |       |     1 |       ||     1
 Armour: Animal skin       |    10 |       |       |       |       |       ||    10
         Ring mail         |    39 |    47 |    34 |    46 |       |       ||   166
         Swamp dragon scal |       |       |       |    66 |   126 |    32 ||   224
         Troll leather arm |       |       |       |       |    84 |       ||    84
  Dodge: Dodged            |    48 |    43 |    81 |   254 |   507 |    75 ||  1008
  Block: Buckler           |     6 |    15 |    18 |   142 |   190 |       ||   371
         Tower shield      |       |       |       |       |   127 |   150 ||   277

Table legend: (Time is in decaauts)
 A = Elapsed time spent in this place.
 B = Non-inter-level travel time spent in this place.
 C = Inter-level travel time spent in this place.
 D = Time resting spent in this place.
 E = Time spent auto-exploring this place.
 F = Levels seen in this place.
 G = Mean time per level.
                   A        B        C        D        E       F      G
               +--------+--------+--------+--------+--------+-----+--------+
         Total |  27927 |  26454 |   1473 |   8055 |  12350 |  23 | 1214.2 |
       Dungeon |  17992 |  16775 |   1217 |   4981 |   8539 |  15 | 1199.5 |
          Lair |   6995 |   6768 |    227 |   1927 |   2695 |   5 | 1399.0 |
   Spider Nest |   2613 |   2585 |     28 |   1147 |    900 |   2 | 1306.5 |
        Bailey |    325 |    325 |      0 |      0 |    216 |   1 |  325.0 |
               +--------+--------+--------+--------+--------+-----+--------+

Top non-repeatable levels by time:
     D:9: 2134 daAuts
Spider:1: 2121 daAuts
     D:8: 1898 daAuts
  Lair:5: 1818 daAuts
  Lair:4: 1705 daAuts
    D:10: 1490 daAuts
     D:1: 1487 daAuts
  Lair:2: 1438 daAuts
    D:12: 1376 daAuts
    D:14: 1266 daAuts
     D:4: 1258 daAuts
    D:15: 1255 daAuts
     D:3: 1113 daAuts
  Lair:3: 1026 daAuts
  Lair:1: 1007 daAuts
